 Dungeon Crawl Stone Soup version 0.28-a0-948-gee6e0bcda6 (webtiles) character file.

Game seed: 7247847625093131300

140 MacCMillion the Caller (level 5, 0/35 HPs)
             Began as a Merfolk Summoner on Nov 30, 2021.
             Killed by nerve-wracking pain
             ... invoked by an orc priest
              (9 damage)
             ... on level 3 of the Dungeon.
             The game lasted 00:14:29 (3227 turns).

MacCMillion the Caller (Merfolk Summoner)           Turns: 3227, Time: 00:14:30

Health: 0/35       AC:  2    Str:  8    XL:     5   Next: 22%
Magic:  1/8        EV: 12    Int: 16    God:
Gold:   63         SH:  0    Dex: 14    Spells: 4/8 levels left

rFire   . . .      SeeInvis .   e - +0 spear
rCold   + . .      Faith    .   (no shield)
rNeg    . . .      Spirit   .   a - +0 robe
rPois   +          Reflect  .   (no helmet)
rElec   .          Harm     .   (no cloak)
rCorr   .          Rampage  .   (no gloves)
Will    .....                   (no boots)
Stlth   ++........              (no amulet)
HPRegen 0.11/turn               l - ring of protection from cold
MPRegen 0.11/turn               m - ring of poison resistance

@: no status effects
A: (nimble swimmer 2), mertail
a: no special abilities


You were on level 3 of the Dungeon.
You visited 1 branch of the dungeon, and saw 3 of its levels.

You collected 102 gold pieces.
You spent 39 gold pieces at shops.

Inventory:

Hand Weapons
 e - a +0 spear (weapon)
Armour
 a - a +0 robe (worn)
 b - a +2 pair of gloves
 i - a +0 plate armour
Jewellery
 l - a ring of protection from cold (left hand)
 m - a ring of poison resistance (right hand)
Scrolls
 c - a scroll of identify {unknown}
 g - a scroll of blinking {unknown}
 j - a scroll of fear {unknown}
Potions
 d - a potion of mutation {unknown}
 f - a potion of flight {unknown}
 h - a potion of might {unknown}
 k - a potion of cancellation {unknown}
 n - a potion of haste {unknown}
 o - a potion of curing


   Skills:
 - Level 3.0 Polearms
 - Level 2.7 Dodging
 - Level 2.2 Stealth
 - Level 2.0 Spellcasting
 - Level 2.0 Hexes
 + Level 5.4 Summonings


You had 4 spell levels left.
You knew the following spells:

 Your Spells              Type           Power      Damage    Failure   Level
a - Summon Small Mammal   Summ           72%        N/A       2%          1
b - Summon Guardian Gole  Hex/Summ       13%        N/A       14%         3

Your spell library contained the following spells:

 Spells                   Type           Power      Damage    Failure   Level
 Call Imp                 Summ           18%        N/A       3%          2
 Call Canine Familiar     Summ           18%        N/A       7%          3
 Summon Lightning Spire   Summ/Air       10%        N/A       56%         4


Dungeon Overview and Level Annotations

Branches:
Dungeon (3/15)

Altars:
Hepliaklqana
Wu Jian
Yredelemnul
The Shining One

Shops:
D:3 [(:!


Innate Abilities, Weirdness & Mutations

((You are quick and stealthy near water. (Stealth+, EV+, Speed+++)))
Your lower body shifts to a powerful aquatic tail in water.


Message History

You hit the orc.
You kill the orc!
The orc barely misses you.
Unknown command.
Casting: Summon Guardian Golem (quite dangerous; 14% risk of failure)
Confirm with . or Enter, or press ? or * to list all spells.
The spell is quite dangerous to miscast (14% risk of failure)!
Continue anyway?
Okay, then.
Casting: Summon Guardian Golem (quite dangerous; 14% risk of failure)
Confirm with . or Enter, or press ? or * to list all spells.
The spell is quite dangerous to miscast (14% risk of failure)!
Continue anyway?
A guardian golem appears, shielding your allies.
The orc priest hits you with a +0 hand axe.
The orc priest barely misses your guardian golem.
The orc priest hits your bat with a +0 hand axe.
Your bat hits the orc priest but does no damage.
The orc closely misses you.
You hit the orc priest.
The orc priest is moderately wounded.
Your bat hits the orc priest but does no damage. x2
The orc priest hits you with a +0 hand axe.
The orc priest hits your bat with a +0 hand axe.
The orc priest hits your guardian golem but does no damage.
Your bat hits the orc priest but does no damage.
The orc closely misses you.
You completely miss the orc priest.
The orc priest is moderately wounded.
Your bat closely misses the orc priest.
The orc priest calls down the wrath of Beogh upon you.
Pain shoots through your body!
* * * LOW HITPOINT WARNING * * *
Your bat hits the orc priest but does no damage.
You hit the orc priest but do no damage.
The orc priest is moderately wounded.
Your bat closely misses the orc priest.
Your bat hits the orc priest but does no damage.
The orc misses you.
The orc priest invokes the aid of Beogh against you.
Pain shoots through your body!
You die...

##.....# #......#
##.._...# #.._8...#
#..._...# #..÷....#
###.###.# #
###########r...)# ##
#.........b@#)..#
.#####.#########o#.)###
...............o∩99..>#
♣###############'#..###
♣♣ #......###### .♣
#.#.........# ♣♣
#....#.####.# .♣#
####...####.# ♣.#
#####....#


You could see an orc priest (ally target), an orc, a friendly guardian golem
(summoned), a friendly quokka (summoned, sheltered) and a friendly bat
(summoned, sheltered).

Vanquished Creatures
  A centaur zombie (D:3)
  2 hound zombies (D:3)
  An adder (D:3)
  A worm (D:2)
  2 orcs (D:3)
  3 bats
  2 goblins (D:1)
  2 hobgoblins (D:3)
  A jackal (D:3)
  A kobold (D:2)
  A quokka (D:2)
  3 ball pythons
  A ball python zombie (D:3)
  A frilled lizard (D:1)
22 creatures vanquished.

Vanquished Creatures (collateral kills)
  2 adders (D:3)
  A worm (D:2)
  A dart slug (D:2)
  2 orcs (D:3)
  A giant cockroach (D:2)
  A goblin (D:2)
  3 hobgoblins
  A jackal (D:3)
  3 quokkas
  A ball python (D:2)
  2 bats (D:1)
  3 frilled lizards
  A kobold (D:1)
  3 rats (D:1)
25 creatures vanquished.

Vanquished Creatures (others)
  2 plants (D:1)
2 creatures vanquished.

Grand Total: 49 creatures vanquished

Notes
Turn   | Place    | Note
-------+----------+-------------------------------------------
     0 | D:1      | MacCMillion the Merfolk Summoner began the quest for the
                  | Orb.
     0 | D:1      | Reached XP level 1. HP: 13/13 MP: 3/3
   359 | D:1      | Reached XP level 2. HP: 19/19 MP: 1/5
   880 | D:1      | Reached skill level 1 in Polearms
  1168 | D:2      | Reached XP level 3. HP: 24/24 MP: 3/6
  1228 | D:2      | Learned a level 3 spell: Summon Guardian Golem
  1429 | D:2      | Found a faded altar of an unknown god.
  1960 | D:3      | Found Paimeavu's Weapon Shoppe.
  1987 | D:3      | Found Lyjyhonu's Antique Armour Shoppe.
  2316 | D:3      | Found Tyudaduo's Book Emporium.
  2359 | D:3      | Reached skill level 1 in Hexes
  2359 | D:3      | Reached XP level 4. HP: 8/30 MP: 2/7
  2649 | D:3      | Reached skill level 5 in Summonings
  2654 | D:3      | Found a basalt altar of Yredelemnul.
  2729 | D:3      | Reached XP level 5. HP: 19/35 MP: 8/8
  2890 | D:3      | Found an ornate altar of the Wu Jian Council.
  2890 | D:3      | Found a glowing golden altar of the Shining One.
  2890 | D:3      | Found a hazy altar of Hepliaklqana.
  2931 | D:3      | Found Hyerphaga's Distillery.
  2934 | D:3      | Bought a potion of curing for 39 gold pieces
  3227 | D:3      | Killed from afar by an orc priest

Illustrated notes

Levels and vault maps discovered:
D:1:      eino_arrival_water_cross, layout_loops_cross, nicolae_wormholes
D:2:      layout_basic, chequers_ecumenical_altar_simple
D:3:      layout_basic, chequers_temple_overflow_statue_of_worship,
          nicolae_yredelemnul_corpse_copse, serial_shops,
          nicolae_shop_behind_doors, nicolae_square_shop,
          nicolae_shop_behind_doors, shop

Skill      XL: |  1  2  3  4 |
---------------+-------------+-----
Polearms       | 1 2 3 |  3.0
Hexes          | 1 2 |  2.0
Summonings     | 5 |  5.4
Dodging        | |  2.7
Stealth        | |  2.2
Spellcasting   | |  2.0

Action                   |  1- 3 |  4- 6 || total
-------------------------+-------+-------++-------
Melee: Unarmed           |     9 |       ||     9
       Spear             |   111 |    72 ||   183
 Cast: Summon Small Mamm |    52 |    10 ||    62
       Summon Guardian G |     1 |     5 ||     6
 Stab: Sleeping          |     4 |     3 ||     7
Armor: Robe              |    25 |     6 ||    31
Dodge: Dodged            |    82 |    38 ||   120

Table legend: (Time is in decaauts)
 A = Elapsed time spent in this place.
 B = Non-inter-level travel time spent in this place.
 C = Inter-level travel time spent in this place.
 D = Time resting spent in this place.
 E = Time spent auto-exploring this place.
 F = Levels seen in this place.
 G = Mean time per level.
                   A        B        C        D        E       F      G
               +--------+--------+--------+--------+--------+-----+--------+
         Total |   3224 |   3183 |     41 |    510 |   1917 |   3 | 1074.7 |
       Dungeon |   3224 |   3183 |     41 |    510 |   1917 |   3 | 1074.7 |
               +--------+--------+--------+--------+--------+-----+--------+

Top non-repeatable levels by time:
     D:3: 1330 daAuts
     D:1: 995 daAuts
     D:2: 898 daAuts
